 Dungeon Crawl Stone Soup version 0.31.0-11-ge490571c62 (webtiles) character file.

Game seed: 1282007423188330046

535 Buffagor the Ruffian (level 7, 0/46 HPs)
             Began as an Octopode Shapeshifter on Jan 28, 2024.
             Slain by an orc warrior
             ... wielding a +0 hand axe
              (13 damage)
             ... on level 7 of the Dungeon.
             The game lasted 00:06:13 (2550 turns).

Buffagor the Ruffian (Octopode Shapeshifter)        Turns: 2550, Time: 00:06:13

Health: 0/46       AC:  5    Str: 16    XL:     7   Next: 25%
Magic:  7/7        EV: 14    Int: 12    God:
Gold:   164        SH:  0    Dex: 17    Spells: 6/6 levels left

rFire   . .          .
                       - Unarmed
rCold   . . .        (no shield)
rNeg    . . .        (helmet currently unavailable)
rPois   .            (no amulet)
rElec   .            e - +6 ring of dexterity
rCorr   .            i - +4 ring of protection
SInv    .            (no ring)
Will    .....        (no ring)
Stlth   +++          (no ring)
HPRegen 0.27/turn    (no ring)
MPRegen 0.10/turn    (no ring)
                     (no ring)

%: no passive effects
@: lethally poisoned (0 -> -9), beast-form
A: beast (slay +2), almost no armour, amphibious, 8 rings, camouflage 1,
gelatinous body 1, (nimble swimmer 1), tentacles
a: Begin Untransformation


You were on level 7 of the Dungeon.
You were a hulking beast.
You visited 1 branch of the dungeon, and saw 5 of its levels.

You collected 164 gold pieces.

Inventory:

Missiles
 g - 7 poisoned darts (quivered)
 k - 6 darts of dispersal
 l - 22 stones
Jewellery
 e - a +6 ring of dexterity (left tentacle)
 i - a +4 ring of protection (right tentacle)
Talismans
 b - a beast talisman
 c - a flux talisman
Wands
 n - a wand of charming (12)
Scrolls
 f - 4 scrolls of identify {unknown}
 h - 2 scrolls of blinking {unknown}
 j - 3 scrolls of teleportation {unknown}
 m - 5 scrolls of enchant weapon {unknown}
 q - a scroll of immolation {unknown}
 r - a scroll of poison {unknown}
 t - a scroll of noise {unknown}
Potions
 a - a potion of lignification
 d - a potion of degeneration {unknown}
 o - 2 potions of curing {unknown}
 p - 2 potions of haste {unknown}
 s - a potion of enlightenment {unknown}
 u - a potion of ambrosia {unknown}
 v - a potion of cancellation {unknown}


   Skills:
 + Level 3.3 Fighting
 + Level 3.8 Dodging
 * Level 5.5 Unarmed Combat
 + Level 4.2 Shapeshifting


You had 6 spell levels left.
You didn't know any spells.
Your spell library was empty.

Dungeon Overview and Level Annotations

Branches:
Dungeon (4/15)
 Temple: D:4-7

Altars:
Sif Muna

Shops:
D:1 (   D:4 *


Innate Abilities, Weirdness & Mutations

You are a hulking beast.
Your limbs bulge with bestial killing power. (Slay +2)
You cannot wear most types of armour.
You are amphibious.
You can wear up to eight rings at the same time.
Your skin changes colour to match your surroundings (Stealth+).
Your rubbery body absorbs attacks. (AC +1, EV +1)
((You are camouflaged when in or above water. (Stealth+)))
You have tentacles for arms and can constrict up to eight enemies at once.


Message History

The killer bee is severely wounded.
The killer bee stings you. The killer bee misses you.
The killer bee closely misses you. The killer bee stings you!
Unknown command.
Unknown command.
You closely miss the killer bee. Your grab misses the killer bee.
The killer bee is severely wounded.
The killer bee barely misses you. The killer bee closely misses you.
The killer bee barely misses you. The killer bee misses you.
You miss the killer bee. Your grab misses the killer bee.
Your squeeze misses the killer bee.
The killer bee is severely wounded.
The killer bee barely misses you. x2
You barely miss the killer bee. You grab the killer bee.
The killer bee is severely wounded.
You constrict the killer bee. The killer bee closely misses you.
The killer bee stings you.
The killer bee completely misses you. x2
You closely miss the killer bee. Your grab misses the killer bee.
You constrict the killer bee. The killer bee stings you.
You are poisoned.
The killer bee poisons you! The killer bee stings you.
You are more poisoned.
The killer bee poisons you! The orc closely misses you.
An orc comes into view. It is wielding a +0 flail.
The killer bee closely misses you. The killer bee misses you.
You closely miss the killer bee.
The orc shouts!
Your grab misses the killer bee. Your squeeze misses the killer bee.
You constrict the killer bee.
You feel very sick. The killer bee closely misses you.
The killer bee barely misses you. The killer bee misses you.
The killer bee closely misses you.
You bludgeon the killer bee! You grab the killer bee.
The killer bee is heavily wounded.
You constrict the killer bee.
You kill the killer bee!
You constrict the killer bee.
You feel sick. The killer bee misses you. The orc misses you.
The orc warrior hits you with a +0 hand axe!
You die...

....#.##### #.....
..........# #....o
..........# #.o.#
..........# ###..o+
..........###.....######
..........'.#....#......
..........#.#....#......
............'..o.y......
.....########..oh#......
...#.# #....# #####
##.#.# #...># #.#.####
####.# #.#....# #.#
#.####.# #.# #.# #.#
######.# #.#
#.###......#
#..........#


You could see an orc warrior, a killer bee and 3 orcs.

Vanquished Creatures
  Eustachio (D:4)
  A water moccasin (D:7)
  An ogre (D:4)
  A phantom (D:4)
  2 killer bees (D:7)
  3 adders
  A ribbon worm (D:3)
  7 ball pythons
  4 bats (D:1)
  5 endoplasms
  5 giant cockroaches
  6 hobgoblins
  5 jackals (D:2)
  4 quokkas
  5 frilled lizards
  5 goblins
  5 kobolds
  3 rats
64 creatures vanquished.

Notes
Turn   | Place    | Note
-------+----------+-------------------------------------------
     0 | D:1      | Buffagor the Octopode Shapeshifter began the quest for the
                  | Orb.
     0 | D:1      | Reached XP level 1. HP: 13/13 MP: 1/1
   253 | D:1      | Reached XP level 2. HP: 18/18 MP: 2/2
   454 | D:1      | Found Jewnaing's Weapon Boutique.
   618 | D:1      | Reached XP level 3. HP: 23/23 MP: 3/3
   909 | D:2      | Identified the orb of Nyttow {*Rage, rC- Int+2 SInv}
  1583 | D:3      | Reached XP level 4. HP: 29/29 MP: 4/4
  2078 | D:4      | Noticed a phantom
  2091 | D:4      | Killed a phantom
  2092 | D:4      | Reached skill level 4 in Unarmed Combat
  2092 | D:4      | Reached XP level 5. HP: 7/34 MP: 5/5
  2264 | D:4      | Noticed Eustachio
  2264 | D:4      | Noticed an ogre
  2271 | D:4      | Killed an ogre
  2272 | D:4      | Reached XP level 6. HP: 36/41 MP: 6/6
  2274 | D:4      | Killed Eustachio
  2275 | D:4      | Reached skill level 5 in Unarmed Combat
  2353 | D:4      | Found Yprauw's Assorted Antiques.
  2362 | D:4      | You fall into a shaft and drop 3 floors!
  2453 | D:7      | Noticed a water moccasin
  2467 | D:7      | Killed a water moccasin
  2468 | D:7      | Reached XP level 7. HP: 46/46 MP: 7/7
  2477 | D:7      | Found a shimmering blue altar of Sif Muna.
  2550 | D:7      | Slain by an orc warrior

Illustrated notes

Levels and vault maps discovered:
D:1:      beargit_arrival_diablo_church, layout_loops_ring, serial_shops, shop
D:2:      layout_basic
D:3:      layout_basic, grunt_ministairs_6, chequers_serial_rivers_micro_d,
          minmay_between
D:4:      layout_loops_ring, serial_shops, shop, uniq_eustachio
D:7:      layout_basic, nicolae_sif_muna_little_library,
          serial_library_hellmonk_room_c

Skill      XL: |  1  2  3  4  5  6 |
---------------+-------------------+-----
Fighting       | 2 3 |  3.3
Unarmed Combat | 4 5 |  5.5
Dodging        | 3 |  3.8
Shapeshifting  | 4 |  4.2

Action                     |  1- 3 |  4- 6 |  7- 9 || total
---------------------------+-------+-------+-------++-------
  Melee: Unarmed           |    62 |    42 |    11 ||   115
         Constrict         |    18 |     8 |     4 ||    30
         Tentacles         |     9 |     9 |     2 ||    20
  Throw: Dart              |    81 |    41 |       ||   122
   Stab: Sleeping          |     6 |       |       ||     6
 Armour: Skin              |    13 |    11 |    10 ||    34
  Dodge: Dodged            |    23 |    14 |    23 ||    60
